 Dungeon Crawl Stone Soup version 0.26.0-18-gc5c842f807 (webtiles) character file.

Game seed: 13477019109350542969

624 howech the Gusty (level 7, -1/56 HPs)
             Began as a Gnoll Wanderer on Jan 22, 2021.
             Was a Priest of Uskayaw.
             Slain by a gnoll
             ... wielding a +0 spear
              (5 damage)
             ... on level 4 of the Dungeon.
             The game lasted 00:10:41 (4075 turns).

howech the Gusty (Gnoll Wanderer)                   Turns: 4075, Time: 00:10:42

Health: -1/56      AC:  5    Str: 18    XL:     7   Next: 47%
Magic:  12/12      EV: 13    Int: 14    God:    Uskayaw [***...]
Gold:   153        SH:  0    Dex: 13    Spells: 7/13 levels left

rFire    . . .     SeeInvis .   a - +2 falchion
rCold    . . .     Faith    .   (no shield)
rNeg     . . .     Spirit   .   d - +0 robe
rPois    .         Reflect  .   i - +0 helmet
rElec    .         Harm     .   t - +0 cloak
rCorr    .         Rampage  .   (no gloves)
Will     .....                  l - +0 pair of boots
Stlth    ++........             (no amulet)
HPRegen  0.18/turn              (no ring)
MPRegen  0.13/turn              (no ring)

@: no status effects
A: distributed training, fangs 1, strong nose
a: Renounce Religion, Stomp, Line Pass


You were on level 4 of the Dungeon.
You worshipped Uskayaw.
Uskayaw was noncommittal.
You visited 1 branch of the dungeon, and saw 4 of its levels.
You also visited: Sewer.

You collected 153 gold pieces.

Inventory:

Hand Weapons
 a - a +2 falchion (weapon)
 m - a +3 mace
 s - a +2 quarterstaff of chaos
Missiles
 h - 40 poisoned darts
 j - 8 javelins
 k - 5 boomerangs of dispersal
 x - 2 boomerangs
Armour
 d - a +0 robe (worn)
 g - a cursed +0 chain mail
 i - a +0 helmet (worn)
 l - a +0 pair of boots (worn)
 t - a +0 cloak (worn)
Scrolls
 b - a scroll of amnesia {unknown}
 c - 2 scrolls of enchant armour {unknown}
 e - a scroll of immolation {unknown}
 f - 3 scrolls of remove curse {unknown}
 n - 3 scrolls of identify {unknown}
 o - 2 scrolls of enchant weapon {unknown}
 u - a scroll of fear {unknown}
 v - a scroll of teleportation {unknown}
 w - a scroll of fog {unknown}
Potions
 p - 3 potions of curing
 q - 2 potions of flight
 r - a potion of heal wounds
 z - a potion of brilliance {unknown}


   Skills:
 + Level 5.2 Fighting
 + Level 2.5 Short Blades
 + Level 3.6 Long Blades
 + Level 2.5 Axes
 + Level 2.5 Maces & Flails
 + Level 2.5 Polearms
 + Level 2.5 Staves
 + Level 2.5 Slings
 + Level 2.5 Bows
 + Level 2.5 Crossbows
 + Level 2.5 Throwing
 + Level 2.5 Armour
 + Level 2.5 Dodging
 + Level 3.5 Stealth
 + Level 2.5 Shields
 + Level 2.5 Unarmed Combat
 + Level 3.8 Spellcasting
 + Level 2.0 Conjurations
 + Level 2.0 Hexes
 + Level 2.0 Summonings
 + Level 2.0 Necromancy
 + Level 2.0 Translocations
 + Level 2.0 Transmutations
 + Level 2.0 Fire Magic
 + Level 2.0 Ice Magic
 + Level 7.4 Air Magic
 + Level 2.0 Earth Magic
 + Level 2.0 Poison Magic
 + Level 2.8 Invocations
 + Level 3.6 Evocations


You had 7 spell levels left.
You knew the following spells:

 Your Spells              Type           Power        Failure   Level
a - Poisonous Vapours     Pois/Air       32%          4%          2
b - Passwall              Tmut/Erth      6%           13%         2
c - Wereblood             Tmut           8%           13%         2

Your spell library contained the following spells:

 Spells                   Type           Power        Failure   Level
 Swiftness                Air            23%          1%          2
 Corpse Rot               Necr/Air       N/A          4%          2


Dungeon Overview and Level Annotations

Branches:
Dungeon (4/15)              Sewer (visited)
 Temple: D:4-7

Altars:
Uskayaw
Wu Jian

Annotations:
D:4 Grinder


Innate Abilities, Weirdness & Mutations

Your experience applies equally to all skills.
You have very sharp teeth.
Your uncanny sense of smell can sniff out nearby items.


Message History

You kill the gnoll!
The gnoll hits you from afar with a +0 spear.
* * * LOW HITPOINT WARNING * * *
Uskayaw will force your foes to helplessly watch your dance.
Uskayaw prepares the audience for your solo!
Unknown command.
The gnoll is no longer paralysed.
The gnoll closely misses you.
Things that are here:
a +0 spear; a gnoll corpse You hit the gnoll.
The gnoll is lightly wounded.
The gnoll barely misses you.
You barely miss the gnoll.
The gnoll is lightly wounded.
Grinder hits you.
* * * LOW HITPOINT WARNING * * *
You writhe in agony.
* * * LOW HITPOINT WARNING * * *
The gnoll hits you with a +0 spear.
You die...

...... .... #... ##
#.g# ..# .###..##gg###
..# .........5g.###...#
.......####......#
.#....# ###5...##
#......###.@g...#
..........)####.#
.........### ###
........## ##.#
.........# #..#######
.........#####...#.#..#
......>.....#.......##
....<................#
....######...........##


You could see Grinder and a gnoll.

Vanquished Creatures
  Sigmund (D:3)
  A big kobold (Sewer)
  Crazy Yiuf (D:3)
  An orc wizard (D:4)
  Jessica (D:3)
  Terence (D:2)
  Natasha (twice) (D:3)
  A worker ant (D:3)
  Robin (D:3)
  3 gnolls (D:4)
  8 adders
  A river rat (Sewer)
  An ooze (D:3)
  A worm (D:2)
  A dart slug (D:2)
  A leopard gecko (D:3)
  4 orcs
  4 giant cockroaches
  13 goblins
  12 hobgoblins
  A jackal (Sewer)
  2 quokkas
  4 ball pythons (D:3)
  5 bats
  6 frilled lizards
  7 kobolds
  A leopard gecko skeleton (D:3)
  10 rats
95 creatures vanquished.

Vanquished Creatures (others)
  A fungus (D:1)
1 creature vanquished.

Grand Total: 96 creatures vanquished

Notes
Turn   | Place    | Note
-------+----------+-------------------------------------------
     0 | D:1      | howech the Gnoll Wanderer began the quest for the Orb.
     0 | D:1      | howech set off with the following items: a +2 falchion, a
                  | +0 robe; and the following spells available to memorise:
                  | Swiftness, Poisonous Vapours, Passwall, Wereblood
     0 | D:1      | Reached XP level 1. HP: 20/20 MP: 4/4
   207 | D:1      | Reached XP level 2. HP: 26/26 MP: 5/5
   509 | D:1      | Learned a level 2 spell: Poisonous Vapours
   930 | D:1      | Reached XP level 3. HP: 31/31 MP: 4/7
  1483 | D:2      | Reached skill level 1 in Invocations
  1592 | D:2      | Reached skill level 1 in Short Blades
  1592 | D:2      | Reached skill level 1 in Axes
  1592 | D:2      | Reached skill level 1 in Maces & Flails
  1592 | D:2      | Reached skill level 1 in Polearms
  1592 | D:2      | Reached skill level 1 in Staves
  1592 | D:2      | Reached skill level 1 in Slings
  1592 | D:2      | Reached skill level 1 in Bows
  1592 | D:2      | Reached skill level 1 in Crossbows
  1592 | D:2      | Reached skill level 1 in Throwing
  1592 | D:2      | Reached skill level 1 in Armour
  1592 | D:2      | Reached skill level 1 in Dodging
  1592 | D:2      | Reached skill level 1 in Shields
  1592 | D:2      | Reached skill level 1 in Unarmed Combat
  1788 | D:2      | Reached XP level 4. HP: 38/38 MP: 5/8
  1899 | D:2      | Noticed Terence
  1903 | D:2      | Killed Terence
  1988 | D:2      | Noticed a +0 hand axe
  1988 | D:2      | Noticed a +0 hand axe
  1989 | D:2      | Found a hide-covered altar of Uskayaw.
  2001 | D:2      | Reached skill level 1 in Conjurations
  2001 | D:2      | Reached skill level 1 in Hexes
  2001 | D:2      | Reached skill level 1 in Summonings
  2001 | D:2      | Reached skill level 1 in Necromancy
  2001 | D:2      | Reached skill level 1 in Translocations
  2001 | D:2      | Reached skill level 1 in Transmutations
  2001 | D:2      | Reached skill level 1 in Fire Magic
  2001 | D:2      | Reached skill level 1 in Ice Magic
  2001 | D:2      | Reached skill level 1 in Earth Magic
  2001 | D:2      | Reached skill level 1 in Poison Magic
  2007 | D:2      | Became a worshipper of Uskayaw the Reveller
  2049 | D:3      | Noticed Sigmund
  2055 | D:3      | Reached XP level 5. HP: 43/43 MP: 2/9
  2121 | D:3      | Killed Sigmund
  2122 | D:3      | Reached XP level 6. HP: 50/50 MP: 1/11
  2125 | D:3      | Reached * piety under Uskayaw
  2182 | D:3      | Reached skill level 5 in Fighting
  2204 | D:3      | Found a glowing drain.
  2216 | D:3      | Reached ** piety under Uskayaw
  2229 | Sewer    | Entered a sewer
  2560 | Sewer    | Found a white marble altar of Elyvilon.
  2692 | D:3      | Noticed Jessica
  2705 | D:3      | Killed Jessica
  2709 | D:3      | Identified Jessica's Handbook of Necromancy
  2714 | D:3      | Learned a level 2 spell: Passwall
  2717 | D:3      | Learned a level 2 spell: Wereblood
  2847 | D:3      | Noticed Natasha
  2853 | D:3      | Killed Natasha
  2854 | D:3      | Reached XP level 7. HP: 43/56 MP: 9/12
  3033 | D:3      | Found a runed translucent door.
  3034 | D:3      | Noticed Crazy Yiuf
  3040 | D:3      | Killed Crazy Yiuf
  3183 | D:3      | Noticed Robin
  3198 | D:3      | Killed Robin
  3203 | D:3      | Noticed Natasha
  3218 | D:3      | Reached *** piety under Uskayaw
  3220 | D:3      | Killed Natasha
  3220 | D:3      | Reached **** piety under Uskayaw
  3573 | D:4      | Found Suoch's Gadget Shoppe.
  3728 | D:4      | Found an ornate altar of the Wu Jian Council.
  4035 | D:4      | Noticed Grinder
  4041 | D:4      | Paralysed by Grinder for 5 turns
  4075 | D:4      | Slain by a gnoll

Illustrated notes

Levels and vault maps discovered:
D:1:      dpeg_cavernosity, layout_basic, minivault_27
D:2:      layout_rooms, gammafunk_temple_overflow_pools,
          dancing_weapons_uskayaw, uniq_terence
D:3:      layout_loops_ring, portal_sewer_entry_a, kennysheep_jessica_study,
          uniq_robin, uniq_crazy_yiuf_cottage, uniq_natasha, uniq_sigmund
D:4:      layout_layer_cave, kennysheep_mini_moat, serial_shops,
          nicolae_shop_competitors_out_of_business, grunt_decor_one_mirror,
          nicolae_ru_great_annihilating_truth, uniq_blork_the_orc, uniq_grinder

Skill      XL: |  1  2  3  4  5  6  7 |
---------------+----------------------+-----
Invocations    | 1 2 |  2.8
Short Blades   | 1 2 |  2.5
Axes           | 1 2 |  2.5
Maces & Flails | 1 2 |  2.5
Polearms       | 1 2 |  2.5
Staves         | 1 2 |  2.5
Slings         | 1 2 |  2.5
Bows           | 1 2 |  2.5
Crossbows      | 1 2 |  2.5
Throwing       | 1 2 |  2.5
Armour         | 1 2 |  2.5
Dodging        | 1 2 |  2.5
Shields        | 1 2 |  2.5
Unarmed Combat | 1 2 |  2.5
Spellcasting   | 3 |  3.8
Conjurations   | 1 2 |  2.0
Hexes          | 1 2 |  2.0
Summonings     | 1 2 |  2.0
Necromancy     | 1 2 |  2.0
Translocations | 1 2 |  2.0
Transmutations | 1 2 |  2.0
Fire Magic     | 1 2 |  2.0
Ice Magic      | 1 2 |  2.0
Earth Magic    | 1 2 |  2.0
Poison Magic   | 1 2 |  2.0
Long Blades    | 3 |  3.6
Stealth        | 3 |  3.5
Evocations     | 3 |  3.6
Fighting       | 5 |  5.2
Air Magic      | |  7.4

Action                   |  1- 3 |  4- 6 |  7- 9 || total
-------------------------+-------+-------+-------++-------
Melee: Falchion          |    57 |    81 |    72 ||   210
       Bite              |     4 |     9 |     8 ||    21
       Punch             |     1 |       |       ||     1
Throw: Dart              |     4 |     1 |       ||     5
 Cast: Poisonous Vapours |    19 |    25 |     5 ||    49
       Wereblood         |       |     1 |     1 ||     2
  Use: Potion            |     3 |     2 |       ||     5
 Stab: Sleeping          |     4 |     3 |     3 ||    10
       Paralysed         |       |       |     2 ||     2
Armor: Robe              |    11 |    18 |    13 ||    42
Dodge: Dodged            |    22 |    49 |    60 ||   131
       Rpst.: Falchion   |     7 |    10 |    11 ||    28
